AoeStats
← TechKO

Northern Isles

510472283Analyzed
1v1 RM · 16h ago on Oct 1, 2026· 51m 32s· 2 players
Game mode
Random Map
Map size
Tiny (2 player)
Population
200
Speed
Normal
Resources
Standard
Victory
Conquest
Starting age
Dark Age
Ending age
Imperial Age
RankedLock teamsTeams togetherTeam positionsShared explorationLock speedFull tech treeHidden civsTurbo modeCheats
Victory
Defeat
🇲🇽 Japanese · Mexico
657
+18
🇺🇸 Vietnamese · United States
709
-18
edgarggamartgo
0:27 Loom
11:27 Feudal Age
11:57 Double-Bit Axe
12:12 Horse Collar
12:25 Gold Mining
13:01 Fishing Lines
21:28 Castle Age
20:03 Forging
19:54 Scale Mail Armor
19:47 Fletching
20:40 Stone Mining
20:14 Man-at-Arms
20:40 Arson
21:01 Padded Archer Armor
23:02 Iron Casting
22:25 Bodkin Arrow
22:35 Squires
21:56 Pikeman
23:03 Heavy Plow
23:16 Bow Saw
24:02 Leather Archer Armor
25:27 Chain Mail Armor
24:38 Elite Skirmisher
25:51 Medium Warships
25:42 Gillnets
25:44 Town Watch
26:25 Scale Barding Armor
27:58 Wheelbarrow
29:49 Ballistics
31:28 Murder Holes
36:41 Imperial Age
35:45 Yasama
36:08 Hand Cart
35:57 Town Patrol
39:22 Capped Ram
42:03 Chemistry
42:06 Blast Furnace
41:37 Plate Mail Armor
41:08 Bracer
41:38 Ring Archer Armor
44:01 Heavy Warships
44:20 Kataparuto
44:22 Conscription
44:26 Chain Barding Armor
44:04 Elite Cannon Galleon
46:40 Elite Samurai
47:56 Hoardings
TechKO
0:26 Loom
11:43 Feudal Age
13:01 Town Watch
13:19 Double-Bit Axe
18:11 Castle Age
16:34 Horse Collar
22:21 Medium Warships
22:09 Gold Mining
22:41 Fletching
27:35 Imperial Age
26:21 Ballistics
26:31 Bow Saw
26:23 Bodkin Arrow
28:12 Wheelbarrow
29:16 Chemistry
29:19 Elite Cannon Galleon
31:23 Bracer
34:01 Hand Cart
35:43 Siege Engineers
50:38 Heavy Warships
Connection lost

Rejoining the realm…

Still unreachable

The connection could not be restored.

Session expired

The server has moved on; the page needs a fresh start.